 Dungeon Crawl Stone Soup version 0.23.2-1-ga50397a (webtiles) character file.

Game seed: 5899256030852474671

156 MalarOregon the Ruffian (level 5, -4/46 HPs)
             Began as a Ghoul Monk on June 2, 2019.
             Killed from afar by Natasha (8 damage)
             ... with a magic dart
             ... on level 4 of the Dungeon.
             The game lasted 00:02:50 (2753 turns).

MalarOregon the Ruffian (Ghoul Monk)                Turns: 2753, Time: 00:02:51

Health: -4/46      AC:  3    Str: 15    XL:     5   Next: 37%
Magic:  4/4        EV: 14    Int:  5    God:
Gold:   107        SH:  0    Dex: 17    Spells: 4/4 levels left

rFire    + . .     SeeInvis .     - Unarmed
rCold    . . .     Gourm    .   (no shield)
rNeg     + + +     Faith    .   a - +0 robe
rPois    ∞         Spirit   .   (no helmet)
rElec    .         Reflect  .   (no cloak)
rCorr    .         Harm     .   m - +0 pair of gloves
MR       .....                  (no boots)
Stlth    +++.......             (no amulet)
HPRegen  0.00/turn              f - +5 ring of dexterity
MPRegen  0.09/turn              t - ring of fire

@: rotting, slowed, very slow
A: rotting body, claws 1, carnivore, cold resistance 1, negative energy
resistance 3, inhibited regeneration, torment resistance, unbreathing
a: no special abilities


You were on level 4 of the Dungeon.
You were not hungry.

You visited 1 branch of the dungeon, and saw 4 of its levels.

You collected 107 gold pieces.

Inventory:

Armour
 a - a +0 robe (worn)
 m - a +0 pair of gloves (worn)
   (You found it on level 3 of the Dungeon)
Jewellery
 f - a +5 ring of dexterity (left hand)
   (You found it on level 1 of the Dungeon)
 t - a ring of fire (right hand)
   (You found it on level 4 of the Dungeon)
Scrolls
 b - 2 scrolls of immolation {unknown}
 c - a scroll of teleportation {unknown}
 g - 6 scrolls of identify {unknown}
 h - a scroll of enchant weapon {unknown}
 k - a scroll of fear {unknown}
 n - a scroll of random uselessness {unknown}
 o - 2 scrolls of remove curse {unknown}
 r - 3 scrolls of amnesia {unknown}
 s - a scroll of blinking {unknown}
Potions
 d - a potion of heal wounds {unknown}
 i - a potion of agility {unknown}
 j - a potion of berserk rage
 l - 2 potions of lignification {unknown}
 p - a potion of ambrosia {unknown}
 q - a potion of curing {unknown}
Comestibles
 e - 7 rations {!d}


   Skills:
 + Level 4.1 Fighting
 + Level 3.4 Dodging
 + Level 3.3 Stealth
 * Level 4.8 Unarmed Combat


You had 4 spell levels left.
You didn't know any spells.
Your spell library was empty.

Dungeon Overview and Level Annotations

Branches:
Dungeon (4/15)
 Temple: D:4-7

Altars:
Fedhas
Trog

Annotations:
D:3 1 runed translucent door, Crazy Yiuf
D:4 Natasha


Innate Abilities, Weirdness & Mutations

Your body is rotting away.
You thrive on raw meat.
You are immune to poison.
You have sharp fingernails.
You are carnivorous and can eat meat at any time.
Your flesh is cold resistant. (rC+)
You are immune to negative energy. (rN+++)
You do not regenerate when monsters are visible.
You are immune to unholy pain and torment.
You can survive without breathing.


Message History

Natasha casts a spell at you. The magic dart hits you!
Natasha casts a spell at you.
You feel yourself slow down.
Natasha stares at you and mumbles some strange words.
The magic dart hits you.
There are monsters nearby!
Okay, then.
You barely miss the orc. The orc misses you. The orc barely misses you.
Natasha mumbles some strange words.
The orc closely misses you. The orc misses you.
The orc hits you with a +0 dagger.
You hit the orc but do no damage. The orc misses you.
You hit the orc but do no damage. The orc misses you.
Natasha mumbles some strange words.
The orc completely misses you.
You hit the orc but do no damage. The orc barely misses you.
You barely miss the orc.
Natasha hisses.
The orc barely misses you.
You hit the orc. The orc hits you with a +0 dagger.
Natasha mumbles some strange words.
The orc closely misses you.
You closely miss the orc. The orc hits you but does no damage.
You hit the orc.
You kill the orc!
You punch Natasha! Natasha completely misses you. Natasha misses you.
You hit Natasha. Natasha claws you!
* * * LOW HITPOINT WARNING * * *
You hit Natasha but do no damage.
You feel yourself speed up. Natasha casts a spell at you.
The magic dart hits you.
* * * LOW HITPOINT WARNING * * *
Natasha claws you.
* * * LOW HITPOINT WARNING * * *
You closely miss Natasha. Natasha casts a spell at you.
You feel yourself slow down.
You hit Natasha. Natasha claws you!
* * * LOW HITPOINT WARNING * * *
Okay, then.
It was a potion of berserk rage.
You cannot raise a blood rage in your lifeless body.
The iron imp disappears in a puff of smoke!
Natasha extends her claws.
Natasha stares at you and mumbles some strange words.
The magic dart hits you!
You die...

###...#.#o.#.#.#.#
#.. #.##.#.....#
#. #......#.### +
#....###.#
#......#.#
#..#...#5#
#......#§#
#......#h#
..##.....#@#
.>.........#
#######.>.##
+.........#
########..# #>.#
#..# ######..#####
#...........#


You could see an iron imp and Natasha.

Vanquished Creatures
  An iguana (D:3)
  5 adders
  An ooze (D:2)
  2 worms
  2 dart slugs
  2 leopard geckos
  An orc (D:4)
  3 giant cockroaches (D:3)
  14 goblins
  5 hobgoblins
  6 jackals (D:2)
  5 kobolds
  A quokka (D:2)
  A ball python (D:1)
  6 bats
  5 frilled lizards
  9 rats
69 creatures vanquished.

Notes
Turn   | Place    | Note
-------+----------+-------------------------------------------
     0 | D:1      | MalarOregon the Ghoul Monk began the quest for the Orb.
     0 | D:1      | Reached XP level 1. HP: 19/19 MP: 0/0
   447 | D:1      | Reached XP level 2. HP: 22/26 MP: 1/1
   854 | D:2      | Reached XP level 3. HP: 27/31 MP: 2/2
  1104 | D:2      | Reached XP level 4. HP: 19/40 MP: 3/3
  1307 | D:2      | Found a bloodstained altar of Trog.
  2123 | D:3      | Found a runed translucent door.
  2124 | D:3      | Noticed Crazy Yiuf
  2170 | D:3      | Reached XP level 5. HP: 38/46 MP: 4/4
  2651 | D:4      | Found a blossoming altar of Fedhas.
  2725 | D:4      | Noticed Natasha
  2753 | D:4      | Killed from afar by Natasha

Skill      XL: |  1  2  3  4 |
---------------+-------------+-----
Dodging        | 3 |  3.4
Unarmed Combat | 4 |  4.8
Stealth        | 3 |  3.3
Fighting       | 4 |  4.1

Action                   |  1- 3 |  4- 6 || total
-------------------------+-------+-------++-------
Melee: Unarmed           |    97 |   155 ||   252
       Punch             |     1 |     2 ||     3
  Use: Potion            |       |     1 ||     1
 Stab: Sleeping          |     6 |     5 ||    11
  Eat: Chunk             |     7 |     4 ||    11
Armor: Robe              |    10 |    18 ||    28
Dodge: Dodged            |    70 |    98 ||   168
